AoeStats
← Topi-Petteri

Arena

505194401Analyzed
1v1 RM · 24d ago on Sep 8, 2026· 53m 36s· 2 players
Game mode
Random Map
Map size
Tiny (2 player)
Population
200
Speed
Normal
Resources
Standard
Victory
Conquest
Starting age
Dark Age
Ending age
Imperial Age
RankedLock teamsTeams togetherTeam positionsShared explorationLock speedFull tech treeHidden civsTurbo modeCheats
Victory
Defeat
🇫🇮 Britons · Finland
759
+15
🇷🇺 Portuguese · Russia
732
-15
kodr6r6
9:28 Feudal Age
18:28 Castle Age
16:55 Double-Bit Axe
16:53 Horse Collar
17:05 Gold Mining
18:39 Forging
18:36 Stone Mining
19:33 Heavy Plow
20:22 Husbandry
21:01 Bow Saw
21:14 Bloodlines
25:53 Iron Casting
30:34 Imperial Age
27:55 Loom
28:47 Wheelbarrow
27:35 Pikeman
28:21 Scale Mail Armor
30:41 Chain Mail Armor
30:32 Scale Barding Armor
30:27 Padded Archer Armor
30:18 Fletching
29:54 Elite Skirmisher
31:17 Circumnavigation
32:35 Chemistry
31:38 Arson
33:10 Two-Man Saw
32:43 Crop Rotation
Topi-Petteri
10:03 Feudal Age
16:32 Castle Age
17:48 Double-Bit Axe
18:23 Padded Archer Armor
18:14 Fletching
22:12 Ballistics
24:15 Loom
25:13 Bodkin Arrow
29:35 Imperial Age
27:42 Wheelbarrow
28:31 Leather Archer Armor
28:31 Pikeman
29:12 Squires
28:59 Arson
29:16 Scale Mail Armor
29:27 Forging
30:17 Hand Cart
30:15 Bow Saw
29:57 Gold Mining
30:52 Conscription
31:56 Chemistry
31:16 Horse Collar
32:15 Ring Archer Armor
31:08 Halberdier
32:39 Iron Casting
33:01 Chain Mail Armor
32:48 Bracer
34:17 Yeomen
34:34 Plate Mail Armor
37:46 Blast Furnace
39:37 Light Cavalry
40:18 Husbandry
40:40 Scale Barding Armor
41:53 Chain Barding Armor
41:35 Heated Shot
44:42 Town Watch
46:39 Plate Barding Armor
47:48 Town Patrol
48:15 Elite Longbowman
Connection lost

Rejoining the realm…

Still unreachable

The connection could not be restored.

Session expired

The server has moved on; the page needs a fresh start.